 Dungeon Crawl Stone Soup version 0.27-a0-1196-g3e9cee4cb2 (webtiles) character file.

Game seed: 1459660803358235270

853 siradein the Chucker (level 7, -2/56 HPs)
             Began as a Minotaur Hunter on May 28, 2021.
             Slain by Edmund
             ... wielding a +0 vorpal flail
              (5 damage)
             ... on level 5 of the Dungeon.
             The game lasted 00:13:43 (6204 turns).

siradein the Chucker (Minotaur Hunter)              Turns: 6204, Time: 00:13:44

Health: -2/56      AC:  5    Str: 19    XL:     7   Next: 70%
Magic:  6/6        EV: 11    Int:  8    God:
Gold:   308        SH:  5    Dex: 10    Spells: 6/6 levels left

rFire    . . .     SeeInvis .   a - +0 short sword
rCold    . . .     Faith    .   (no shield)
rNeg     . . .     Spirit   .   y - +0 ring mail
rPois    .         Reflect  +   (helmet restricted)
rElec    .         Harm     .   (no cloak)
rCorr    .         Rampage  .   (no gloves)
Will     .....                  (no boots)
Stlth    +.........             j - amulet of reflection
HPRegen  0.18/turn              (no ring)
MPRegen  0.10/turn              (no ring)

@: no status effects
A: horns 2, retaliatory headbutt
a: no special abilities


You were on level 5 of the Dungeon.
You visited 1 branch of the dungeon, and saw 5 of its levels.

You collected 308 gold pieces.

Inventory:

Hand Weapons
 a - a +0 short sword (weapon)
 D - a +0 hunting sling
Missiles
 c - 6 javelins
 d - 2 throwing nets
 o - 56 sling bullets
 p - 138 stones (quivered)
Armour
 y - a +0 ring mail (worn)
Jewellery
 j - an amulet of reflection (around neck)
 C - an amulet of faith
 F - a ring of fire
Wands
 s - a wand of polymorph (17)
 w - a wand of digging (7)
 z - a wand of iceblast (11)
 E - a wand of flame (22)
Scrolls
 e - 5 scrolls of identify {unknown}
 f - a scroll of brand weapon {unknown}
 g - a scroll of teleportation {unknown}
 h - a scroll of enchant armour {unknown}
 i - a scroll of blinking {unknown}
 l - a scroll of enchant weapon {unknown}
 r - 3 scrolls of noise {unknown}
 t - a scroll of torment {unknown}
 u - a scroll of fear {unknown}
 v - a scroll of acquirement {unknown}
 A - a scroll of magic mapping {unknown}
 B - 2 scrolls of vulnerability {unknown}
Potions
 b - 2 potions of brilliance {unknown}
 k - a potion of attraction {unknown}
 m - 3 potions of curing {unknown}
 n - 3 potions of haste {unknown}
 q - a potion of heal wounds
 x - a potion of cancellation {unknown}
 G - a potion of flight {unknown}
 H - a potion of magic {unknown}


   Skills:
 - Level 2.4 Fighting
 + Level 6.6 Short Blades
 + Level 7.4 Throwing
 - Level 2.1 Dodging
 - Level 0.7 Stealth


You had 6 spell levels left.
You didn't know any spells.
Your spell library contained the following spells:

 Spells                   Type           Power      Damage    Failure   Level
 Animate Skeleton         Necr           0%         N/A       58%         1
 Apportation              Tloc           0%         N/A       58%         1
 Corona                   Hex            0%         N/A       58%         1
 Magic Dart               Conj           0%         1d3       58%         1
 Summon Small Mammal      Summ           0%         N/A       58%         1
 Searing Ray              Conj           0%         3d3       75%         2
 Dazzling Flash           Conj/Hex       0%         N/A       92%         3
 Fulminant Prism          Conj/Hex       0%         3d6       100%        4
 Iskenderun's Mystic Bla  Conj/Tloc      0%         2d3       100%        4


Dungeon Overview and Level Annotations

Branches:
Dungeon (5/15)
 Temple: D:4-7

Altars:
Fedhas
Kikubaaqudgha
Nemelex Xobeh
Vehumet
Wu Jian
Xom
Zin

Annotations:
D:5 Edmund


Innate Abilities, Weirdness & Mutations

You have a pair of horns on your head.
You reflexively headbutt those who attack you in melee.


Message History

The sky beast barely misses you.
Fire: 140 stones
Press: ? - help, Q - select action, (/) - cycle Shift-Dir - straight line, f/p - sky beast
Aim: a sky beast (almost dead, 48% to hit)
You shoot a stone. The stone closely misses the sky beast.
The stone barely misses Edmund.
The sky beast flickers out of sight!
Deactivating autopickup; reactivate with Ctrl-A.
Something hits you. Something shocks you.
Fire: 139 stones
Press: ? - help, Q - select action, (/) - cycle Shift-Dir - straight line, f - Edmund
Aim: Edmund, wielding a +0 vorpal flail and wearing a +0 chain mail (lightly wounded, 67% to hit)
You shoot a stone.
The stone hits Edmund but does no damage.
Edmund is lightly wounded.
A sky beast appears from thin air!
Reactivating autopickup.
The sky beast barely misses you. You furiously retaliate!
You headbutt the sky beast!
You kill the sky beast!
A hound comes into view.
The hound barks!
a - a +0 short sword (weapon)
The hound barely misses you.
You hit the hound.
The hound is lightly wounded.
The hound bites you but does no damage. Edmund hits you with a +0 vorpal flail.
You hit the hound. Your headbutt misses the hound.
The hound is heavily wounded.
The hound bites you.
* * * LOW HITPOINT WARNING * * *
You hit the hound. You headbutt the hound.
The hound is severely wounded.
Edmund hits you with a +0 vorpal flail!
* * * LOW HITPOINT WARNING * * *
x2 The hound bites you but does no damage.
You hit the hound. Your headbutt misses the hound.
The hound is almost dead.
The hound bites you but does no damage. Edmund hits you with a +0 vorpal flail.
You die...

#.#>.....@....((....(.....
#.#####.###########.##.##.
#.....#...# ##.#..#
#####.###.# #.#.#
#####.###.# ##.((.
#.......#.# ##(..
#.###.#.#.# ##(( #.#.#@#
.( #.#.#@# .. ..#.#h# ..
###.#.# .[ #...#####
###.....# #.....+ #.....#
#.....# #.....# #


You could see Edmund and a hound.

Vanquished Creatures
  Menkaure (D:5)
  A sky beast (D:5)
  An ogre (D:4)
  A phantom (D:4)
  Blork the orc (D:5)
  2 scorpions
  A hound (D:4)
  A centaur skeleton (D:4)
  2 jellies
  Terence (D:3)
  An iguana (D:4)
  A gnoll (D:4)
  7 adders
  5 dart slugs
  2 orcs
  4 endoplasms
  3 giant cockroaches
  7 hobgoblins
  10 jackals
  5 quokkas
  7 ball pythons
  2 bats
  2 frilled lizards (D:2)
  2 goblins
  5 kobolds
  6 rats
81 creatures vanquished.

Notes
Turn   | Place    | Note
-------+----------+-------------------------------------------
     0 | D:1      | siradein the Minotaur Hunter began the quest for the Orb.
     0 | D:1      | Reached XP level 1. HP: 18/18 MP: 0/0
   221 | D:1      | Reached skill level 1 in Short Blades
   300 | D:1      | Reached XP level 2. HP: 22/25 MP: 1/1
  1205 | D:2      | Reached XP level 3. HP: 29/30 MP: 2/2
  2366 | D:3      | Reached XP level 4. HP: 37/37 MP: 3/3
  2403 | D:3      | Found an ancient bone altar of Kikubaaqudgha.
  2405 | D:3      | Noticed Terence
  2422 | D:3      | Killed Terence
  2423 | D:3      | Reached skill level 5 in Throwing
  2792 | D:3      | Found a radiant altar of Vehumet.
  3530 | D:3      | Found an ornate altar of the Wu Jian Council.
  3537 | D:3      | Found a glowing silver altar of Zin.
  3624 | D:3      | Reached XP level 5. HP: 40/42 MP: 4/4
  3747 | D:3      | Found a sparkling altar of Nemelex Xobeh.
  4056 | D:4      | Noticed a phantom
  4069 | D:4      | Killed a phantom
  4070 | D:4      | Reached XP level 6. HP: 41/50 MP: 5/5
  4256 | D:4      | Reached skill level 6 in Throwing
  4380 | D:4      | Reached skill level 5 in Short Blades
  4682 | D:4      | Found a blossoming altar of Fedhas.
  4682 | D:4      | Found a shimmering altar of Xom.
  5530 | D:5      | Entered Level 5 of the Dungeon
  5605 | D:5      | Noticed Blork the orc
  5617 | D:5      | Killed Blork the orc
  5618 | D:5      | Reached XP level 7. HP: 25/56 MP: 6/6
  5872 | D:5      | Noticed Menkaure
  5879 | D:5      | Killed Menkaure
  5880 | D:5      | Reached skill level 7 in Throwing
  6156 | D:5      | Noticed Edmund
  6204 | D:5      | Slain by Edmund

Illustrated notes

Levels and vault maps discovered:
D:1:      tarquinn_simple_flora_water_e, layout_basic, chequers_jeans
D:2:      layout_basic
D:3:      layout_basic, lemuel_coloured_pillars_altar,
          nicolae_overflow_hidden_temple, lemuel_tele_altar,
          amethyst_overflow_temple_binary, uniq_terence
D:4:      layout_loops_corners, gammafunk_temple_overflow_statue,
          minmay_starry_boxes
D:5:      layout_basic, uniq_menkaure, uniq_blork_the_orc, uniq_edmund

Skill      XL: |  1  2  3  4  5  6  7 |
---------------+----------------------+-----
Short Blades   | 1 2 3 4 5 6 |  6.6
Throwing       | 5 6 7 |  7.4
Fighting       | |  2.4
Dodging        | |  2.1
Stealth        | |  0.7

Action                   |  1- 3 |  4- 6 |  7- 9 || total
-------------------------+-------+-------+-------++-------
Melee: Short sword       |    87 |   110 |     6 ||   203
       Headbutt          |    15 |    19 |     1 ||    35
 Fire: Hunting sling     |       |    15 |    42 ||    57
Throw: Stone             |    42 |    88 |       ||   130
       Javelin           |     1 |       |       ||     1
Armor: Leather armour    |    17 |     4 |       ||    21
       Ring mail         |       |    19 |     8 ||    27
Dodge: Dodged            |    59 |    61 |     9 ||   129
Block: Other             |       |    11 |     1 ||    12

Table legend: (Time is in decaauts)
 A = Elapsed time spent in this place.
 B = Non-inter-level travel time spent in this place.
 C = Inter-level travel time spent in this place.
 D = Time resting spent in this place.
 E = Time spent auto-exploring this place.
 F = Levels seen in this place.
 G = Mean time per level.
                   A        B        C        D        E       F      G
               +--------+--------+--------+--------+--------+-----+--------+
         Total |   6166 |   5936 |    230 |     97 |   5096 |   5 | 1233.2 |
       Dungeon |   6166 |   5936 |    230 |     97 |   5096 |   5 | 1233.2 |
               +--------+--------+--------+--------+--------+-----+--------+

Top non-repeatable levels by time:
     D:4: 1709 daAuts
     D:3: 1341 daAuts
     D:2: 1284 daAuts
     D:1: 1163 daAuts
     D:5: 668 daAuts
